 Dungeon Crawl Stone Soup version 0.30-b1-2-g02819fbbbe (webtiles) character file.

Game seed: 18132482477544138639

467 Alarkh the Shooter (level 6, -1/43 HPs)
             Began as a Demonspawn Hexslinger on July 6, 2023.
             Succumbed to a gnoll's poison
             ... on level 3 of the Dungeon.
             The game lasted 00:06:09 (3146 turns).

Alarkh the Shooter (Demonspawn Hexslinger)          Turns: 3146, Time: 00:06:10

Health: -1/43      AC: 11    Str: 10    XL:     6   Next: 81%
Magic:  7/7        EV:  8    Int: 17    God:
Gold:   164        SH:  0    Dex: 13    Spells: 6/7 levels left

rFire   . . .        a - +1 sling
rCold   . . .        (no shield)
rNeg    . . .        l - +3 scale mail {Will+}
rPois   .            (no helmet)
rElec   .            (no cloak)
rCorr   .            (no gloves)
SInv    +            (no boots)
Will    +....        (no amulet) Stlth
                     j - ring of see invisible
HPRegen 0.27/turn    (no ring)
MPRegen 0.10/turn

%: no passive effects
@: lethally poisoned (-1 -> -5)
A: claws 1, icy blue scales 1, screaming 1
a: no special abilities


You were on level 3 of the Dungeon.
You visited 1 branch of the dungeon, and saw 4 of its levels.

You collected 164 gold pieces.

Inventory:

Hand Weapons
 a - a +1 sling (weapon)
Armour
 b - a +1 robe of resistance
 c - a +0 robe
 l - a +3 scale mail of willpower (worn)
Jewellery
 j - a ring of see invisible (left claw)
Scrolls
 d - a scroll of enchant armour {unknown}
 e - a scroll of vulnerability {unknown}
 f - 2 scrolls of teleportation {unknown}
 g - 2 scrolls of magic mapping {unknown}
 i - a scroll of fear {unknown}
 k - a scroll of enchant weapon {unknown}
 m - a scroll of identify {unknown}
 n - 2 scrolls of blinking {unknown}
 o - a scroll of immolation {unknown}
 p - a scroll of noise {unknown}
Potions
 h - 2 potions of mutation


   Skills:
 - Level 1.0 Fighting
 + Level 5.9 Ranged Weapons
 - Level 1.7 Dodging
 + Level 3.0 Unarmed Combat
 - Level 1.0 Spellcasting
 - Level 3.0 Hexes


You had 6 spell levels left.
You knew the following spells:

 Your Spells              Type           Power      Damage    Failure   Level
a - Slow                  Hex            44%        N/A       41%         1

Your spell library contained the following spells:

 Spells                   Type           Power      Damage    Failure   Level
 Blink                    Tloc           0%         N/A       93%         2
 Lesser Beckoning         Tloc           0%         N/A       93%         2
 Momentum Strike          Conj/Tloc      0%         3d8       93%         2
 Inner Flame              Hex/Fire       5%         N/A       94%         3
 Portal Projectile        Hex/Tloc       10%        N/A       94%         3
 Gell's Gravitas          Tloc           0%         N/A       99%         3
 Teleport Other           Tloc           0%         N/A       99%         3
 Cause Fear               Hex            5%         N/A       99%         4


Dungeon Overview and Level Annotations

Branches:
Dungeon (4/15)
 Temple: D:4-7

Altars:

Shops:
D:2 =


Innate Abilities, Weirdness & Mutations

You have sharp fingernails.
You are partially covered in icy blue scales. (AC +2)
You occasionally shout uncontrollably at your foes.


Message History

You shoot a sling bullet. The sling bullet hits the gnoll bouda.
The gnoll bouda is almost dead.
The gnoll bouda gazes fiercely through you!
You feel your attacks grow feeble.
The gnoll bouda hits you with a +0 club.
You are too injured to fight recklessly!
You are too injured to fight recklessly!
You shoot a sling bullet. The sling bullet hits the gnoll bouda.
You kill the gnoll bouda!
The gnoll hits you but does no damage.
Your Unarmed Combat skill increases to level 3!
You shoot a sling bullet. The sling bullet hits the gnoll.
The gnoll is severely wounded.
The gnoll hits you from afar with a +3 spear of venom.
You are poisoned.
The gnoll hits you with a +0 club. The gnoll hits you but does no damage.
You are lethally poisoned!
Fire: a) +1 sling
Press: ? - help, Q - select action, (/) - cycle Shift-Dir - straight line, f/p - gnoll
Aim: a gnoll, wielding a +0 club (severely wounded, covering ground quickly, 61% to hit)
Okay, then.
Okay, then.
Okay, then.
The gnoll attacks as you move away! The gnoll hits you with a +0 club.
* * * LOW HITPOINT WARNING * * *
You feel very sick.
* * * LOW HITPOINT WARNING * * *
You feel very sick. The gnoll misses you.
* * * LOW HITPOINT WARNING * * *
You feel sick.
Your attacks no longer feel as feeble.
* * * LOW HITPOINT WARNING * * *
You feel sick.
There is a stone staircase leading up here.
* * * LOW HITPOINT WARNING * * *
You feel sick.
The gnoll is no longer moving quickly.
The gnoll barely misses you.
You climb upwards.
You die...

#.......................###
##............#.#####......
#......#.......# #.#####
#......#.......# #.# #
#..#...##...##.# #.# #
#..........###.#####.#
##.###.###).###.......#
#........(.........##.#####
#..###.#..@g####......†....
#..# #.#.#..# #....##.#####
#..###)#.#..###.#.###.#
#..#............#.# #.#
#.?#.#).....###.#.# #.#
#.................###.#
#.##.##..#............#
#.##.##..#......#######
#.##.##..######.#


You could see a gnoll.

Vanquished Creatures
  Sigmund (D:3)
  An orc priest (D:3)
  A gnoll bouda (D:4)
  Terence (D:3)
  Robin (D:2)
  6 gnolls
  3 adders
  2 worms (D:2)
  A dart slug (D:1)
  12 orcs
  5 ball pythons
  7 endoplasms
  4 giant cockroaches
  15 goblins
  10 hobgoblins
  11 jackals
  6 kobolds
  4 quokkas
  2 bats
  5 frilled lizards
  7 rats
105 creatures vanquished.

Vanquished Creatures (others)
  A fungus (D:3)
  5 plants (D:3)
6 creatures vanquished.

Grand Total: 111 creatures vanquished

Notes
Turn   | Place    | Note
-------+----------+-------------------------------------------
     0 | D:1      | Alarkh the Demonspawn Hexslinger began the quest for the
                  | Orb.
     0 | D:1      | Reached XP level 1. HP: 15/15 MP: 2/2
    10 | D:1      | Reached skill level 2 in Ranged Weapons
   166 | D:1      | Gained mutation: You have sharp fingernails. [demonic
                  | ancestry]
   166 | D:1      | Reached XP level 2. HP: 21/21 MP: 3/3
   409 | D:1      | Reached skill level 3 in Ranged Weapons
   805 | D:2      | Gained mutation: You are partially covered in icy blue
                  | scales. (AC +2) [demonic ancestry]
   805 | D:2      | Reached XP level 3. HP: 26/26 MP: 4/4
   984 | D:2      | Noticed Robin
  1025 | D:2      | Reached XP level 4. HP: 6/32 MP: 2/5
  1028 | D:2      | Killed Robin
  1029 | D:2      | Reached skill level 4 in Ranged Weapons
  1365 | D:2      | Found Doosm's Jewellery Boutique.
  1927 | D:3      | Reached XP level 5. HP: 27/37 MP: 6/6
  2204 | D:3      | Found a faded altar of an unknown god.
  2302 | D:3      | Reached skill level 5 in Ranged Weapons
  2379 | D:3      | Noticed Sigmund
  2459 | D:3      | Killed Sigmund
  2460 | D:3      | Reached XP level 6. HP: 24/43 MP: 7/7
  2691 | D:3      | Noticed Terence
  2697 | D:3      | Gained mutation: You occasionally shout uncontrollably at
                  | your foes. [potion of mutation]
  2703 | D:3      | Killed Terence
  3145 | D:4      | HP: 1/43 [poisoned by a gnoll]
  3146 | D:3      | Succumbed to a gnoll's poison

Illustrated notes

Levels and vault maps discovered:
D:1:      saegor_arrival_simple_c, layout_rooms, minmay_circled_x
D:2:      layout_basic, serial_shops, shop, chequers_jeans,
          chequers_serial_rivers_small_b, uniq_robin
D:3:      layout_loops_ring, shapermc_ecumenical_altar_acropolis, uniq_terence,
          uniq_sigmund
D:4:      layout_basic, nicolae_shop_distant_corner_stores, uniq_ijyb

Skill      XL: |  1  2  3  4  5  6 |
---------------+-------------------+-----
Ranged Weapons | 2 3 4 5 |  5.9
Unarmed Combat | 2 3 |  3.0
Fighting       | |  1.0
Dodging        | |  1.7
Spellcasting   | |  1.0
Hexes          | |  3.0

Action                     |  1- 3 |  4- 6 || total
---------------------------+-------+-------++-------
  Melee: Unarmed           |       |    17 ||    17
         Punch             |       |     1 ||     1
   Fire: Sling             |   142 |   269 ||   411
   Cast: Slow              |     2 |     1 ||     3
    Use: Potion            |     4 |     3 ||     7
         Scroll            |       |     2 ||     2
 Armour: Robe              |    23 |    52 ||    75
         Scale mail        |       |    22 ||    22
  Dodge: Dodged            |    62 |   101 ||   163
